 Dungeon Crawl Stone Soup version 0.27-a0-1612-gde56a17b89 (webtiles) character file.

Game seed: 3280411398705720517

126319 SkeletonJelly the Peltast (level 16, -4/139 HPs)
             Began as a Green Draconian Fighter on July 21, 2021.
             Was the Champion of Okawaru.
             Killed from afar by a will-o-the-wisp (38 damage)
             ... with a foxfire
             ... on level 3 of the Swamp.
             The game lasted 01:02:36 (33649 turns).

SkeletonJelly the Peltast (DrFi)                   Turns: 33649, Time: 01:02:37

Health: -4/139     AC: 17    Str: 23    XL:     16   Next: 43%
Magic:  23/23      EV: 21    Int: 10    God:    Okawaru [******]
Gold:   2630       SH: 28    Dex: 17    Spells: 15/15 levels left

rFire    . . .     SeeInvis +   s - +12 mace of the Blind Eye {freeze, rC+}
rCold    + . .     Faith    .   u - +0 tower shield
rNeg     . . .     Spirit   .   (armour unavailable)
rPois    +         Reflect  +   G - +2 hat {SInv}
rElec    +         Harm     .   f - +0 cloak "Enic" {Int+2}
rCorr    +         Rampage  +   O - +1 pair of gloves {Dex+3}
Will     +....                  B - +2 pair of boots {rampage}
Stlth    ++........             y - amulet of reflection
HPRegen  0.33/turn              V - ring "Foefuh" {rElec rCorr Int-2 Dex+2 SInv}
MPRegen  0.18/turn              x - +4 ring of evasion

@: no status effects
A: breathe noxious fumes, AC +9, unfitting armour, stinger 1, poison resistance,
cold-blooded
a: Breathe Noxious Fumes, Renounce Religion, Heroism, Finesse


You were on level 3 of the Swamp.
You worshipped Okawaru.
Okawaru was exalted by your worship.
You visited 5 branches of the dungeon, and saw 28 of its levels.
You visited the Abyss 2 times.

You collected 2630 gold pieces.

Inventory:

Hand Weapons
 s - the +12 mace of the Blind Eye (weapon) {freeze, rC+}
   (You found it on level 5 of the Dungeon)

   It freezes those it strikes, dealing additional cold damage.
   It can also slow down cold-blooded creatures.
   rC:        It protects you from cold.
 v - the +7 trident "Fyavuy" {flame, rC+ Will- Int+4}
   (You found it on level 6 of the Dungeon)

   It burns those it strikes, dealing additional fire damage.
   Int:       It affects your intelligence (+4).
   rC:        It protects you from cold.
   Will:      It decreases your willpower.
 H - a +4 broad axe of freezing
Missiles
 b - a throwing net
 l - 161 poisoned darts
 q - 2 silver javelins
 C - 4 curare-tipped darts
 I - 10 atropa-tipped darts
Armour
 f - the +0 cloak "Enic" (worn) {Int+2}
   (Okawaru gifted it to you on level 12 of the Dungeon)

   Int:       It affects your intelligence (+2).
 u - a +0 tower shield (worn)
 B - a +2 pair of boots of rampaging (worn)
 G - a +2 hat of see invisible (worn)
 O - a +1 pair of gloves of dexterity (worn)
 X - a scarf of repulsion
Jewellery
 x - a +4 ring of evasion (right hand)
 y - an amulet of reflection (around neck)
 z - an amulet of guardian spirit
 S - a ring of ice
 V - the ring "Foefuh" (left hand) {rElec rCorr Int-2 Dex+2 SInv}
   (You found it on level 3 of the Lair of Beasts)

   [ring of resist corrosion]

   Int:       It affects your intelligence (-2).
   Dex:       It affects your dexterity (+2).
   rElec:     It insulates you from electricity.
   SInv:      It lets you see invisible.
   rCorr:     It protects you from acid and corrosion.
Wands
 a - a wand of flame (37)
 p - a wand of paralysis (6)
 r - a wand of mindburst (28)
 t - a wand of digging (21)
 K - a wand of charming (26)
 W - a wand of iceblast (18)
Scrolls
 j - 2 scrolls of torment
 k - 2 scrolls of enchant weapon {unknown}
 m - 9 scrolls of amnesia
 D - 2 scrolls of vulnerability
 E - 2 scrolls of blinking
 F - 3 scrolls of holy word
 J - 3 scrolls of fog
 M - a scroll of silence
 P - 2 scrolls of identify
 Q - 3 scrolls of summoning
 R - 3 scrolls of teleportation
 U - a scroll of fear
 Z - 2 scrolls of magic mapping
Potions
 c - 5 potions of might
 d - 4 potions of haste
 e - 4 potions of resistance
 g - a potion of ambrosia
 h - 3 potions of brilliance
 i - 2 potions of magic
 n - a potion of attraction
 o - 5 potions of curing
 w - 3 potions of flight
 L - 2 potions of cancellation
 N - 3 potions of mutation
 T - a potion of invisibility
 Y - a potion of berserk rage
Miscellaneous
 A - a tin of tremorstones (2/2)


   Skills:
 - Level 12.3 Fighting
 - Level 6.5(11.0) Axes
 - Level 13.4(14.0) Maces & Flails
 * Level 11.3 Dodging
 - Level 19.5 Shields
 - Level 10.0 Invocations


You had 15 spell levels left.
You didn't know any spells.
Your spell library contained the following spells:

 Spells                   Type           Power      Damage    Failure   Level
 Foxfire                  Conj/Fire      0%         2x1d4     58%         1
 Freeze                   Ice            0%         1d3       58%         1
 Magic Dart               Conj           0%         1d3       58%         1
 Pain                     Necr           0%         1d4       58%         1
 Sting                    Tmut/Pois      0%         1d3       58%         1
 Blink                    Tloc           N/A        N/A       75%         2
 Call Imp                 Summ           0%         N/A       75%         2
 Corpse Rot               Necr/Air       N/A        N/A       75%         2
 Poisonous Vapours        Pois/Air       0%         N/A       75%         2
 Slow                     Hex            0%         N/A       75%         2
 Static Discharge         Conj/Air       0%         N/A       75%         2
 Sublimation of Blood     Necr           0%         N/A       75%         2
 Confusing Touch          Hex            0%         N/A       92%         3
 Conjure Flame            Conj/Fire      0%         6-21      92%         3
 Frozen Ramparts          Ice            0%         1d2       92%         3
 Inner Flame              Hex/Fire       0%         N/A       92%         3
 Mephitic Cloud           Conj/Pois/Air  0%         N/A       92%         3
 Ozocubu's Armour         Ice            0%         N/A       92%         3
 Summon Guardian Golem    Hex/Summ       0%         N/A       92%         3
 Airstrike                Air            0%         N/A       100%        4
 Animate Dead             Necr           0%         N/A       100%        4
 Cause Fear               Hex            0%         N/A       100%        4
 Dispel Undead            Necr           0%         3d6       100%        4
 Hailstorm                Conj/Ice       0%         3d3       100%        4
 Ice Form                 Ice/Tmut       0%         N/A       100%        4
 Olgreb's Toxic Radiance  Pois           0%         N/A       100%        4
 Petrify                  Tmut/Erth      0%         N/A       100%        4
 Sticky Flame             Conj/Fire      0%         2d3       100%        4
 Summon Ice Beast         Ice/Summ       0%         N/A       100%        4
 Summon Lightning Spire   Summ/Air       0%         N/A       100%        4
 Fireball                 Conj/Fire      0%         3d3       100%        5
 Irradiate                Conj/Tmut      0%         3d14      100%        5
 Iskenderun's Battlesphe  Conj           0%         2d6       100%        5
 Lightning Bolt           Conj/Air       0%         1d11      100%        5
 Manifold Assault         Tloc           0%         N/A       100%        5
 Metabolic Englaciation   Hex/Ice        0%         N/A       100%        5
 Summon Forest            Summ/Tloc      0%         N/A       100%        5
 Summon Mana Viper        Hex/Summ       0%         N/A       100%        5
 Yara's Violent Unravell  Hex/Tmut       0%         3d3       100%        5
 Conjure Ball Lightning   Conj/Air       0%         3x3d6     100%        6
 Death Channel            Necr           0%         N/A       100%        6
 Shadow Creatures         Summ           N/A        N/A       100%        6
 Simulacrum               Ice/Necr       0%         N/A       100%        6
 Dragon Form              Tmut           0%         N/A       100%        7
 Monstrous Menagerie      Summ           0%         N/A       100%        7
 Orb of Destruction       Conj           0%         N/A       100%        7
 Spellforged Servitor     Conj/Summ      0%         N/A       100%        7
 Storm Form               Tmut/Air       0%         N/A       100%        7
 Dragon's Call            Summ           0%         N/A       100%        9
 Shatter                  Erth           0%         3d5*      100%        9


Dungeon Overview and Level Annotations

Branches:
Dungeon (15/15)            Temple (1/1) D:4            Lair (6/6) D:10
  Swamp (4/4) Lair:2       Spider (0/4) Lair:3        Slime (0/5) Lair:6
    Orc (2/2) D:10            Elf (0/3) Orc:2        Vaults (0/5) D:14
 Depths (0/5) D:15

Altars:
Ashenzari
Cheibriados
Dithmenos
Elyvilon
Fedhas
Gozag
Hepliaklqana
Kikubaaqudgha
Makhleb
Nemelex Xobeh
Okawaru
Qazlal
Ru
Sif Muna
Trog
Uskayaw
Vehumet
Wu Jian
Xom
Yredelemnul
Zin
The Shining One
Beogh
Jiyva
Lugonu

Shops:
D:2 (   D:11 (   Orc:1 (   Orc:2 ([([

Portals:
Abyss: Lair:6
Trove: D:13 (give 5 scrolls of fear)

Annotations:
D:7 1 runed translucent door, Sobieck's ghost, novice OpCj
D:11 2 transporters, zazu2006's ghost, journeyman NaWz
Lair:4 2 transporters, RBrandon's ghost, journeyman DgFi
Lair:6 exclusion: 2 oklob plants
Orc:1 2 transporters, Domutzyo's ghost, journeyman MiFi


Innate Abilities, Weirdness & Mutations

You can breathe blasts of noxious fumes.
Your lurid green scales are hard. (AC +9)
You cannot fit into any form of body armour.
Your tail ends in a poisonous barb.
Your system is resistant to poisons. (rPois)
You are cold-blooded and may be slowed by cold attacks.


Message History

You kill the eleionoma!
Okawaru accepts your kill. The foxfire hits you! The foxfire hits you!!
* * * LOW HITPOINT WARNING * * *
The spriggan druid splashes around in the water.
You take 39 damage, and have 36/139 hp.
MASSIVE DAMAGE!!
You are too injured to fight recklessly!
You are too injured to fight recklessly!
You are too injured to fight recklessly!
The spriggan druid splashes around in the water.
You enter the shallow water.
Moving in this stuff is going to be slow.
The spriggan druid calls out to the beasts of the wild!
A bunyip comes into view.
There is a stone staircase leading up here.
You block the spriggan druid's attack.
You climb upwards.
There is a stone staircase leading down, spattered with blood here.
You thump the spriggan druid! You freeze the spriggan druid.
The spriggan druid is heavily wounded.
You block the spriggan druid's attack.
You miss the spriggan druid.
The spriggan druid is heavily wounded.
The spriggan druid gestures at you while chanting.
The stone arrow hits you!
* * * LOW HITPOINT WARNING * * *
You take 11 damage, and have 28/139 hp.
You hit the spriggan druid. You freeze the spriggan druid.
You tail-slap the spriggan druid.
The spriggan druid is poisoned.
The spriggan druid is heavily wounded.
You completely miss the spriggan druid. You tail-slap the spriggan druid.
The spriggan druid is severely wounded.
You block the spriggan druid's attack.
You bludgeon the spriggan druid!! You freeze the spriggan druid.
You kill the spriggan druid!
Okawaru accepts your kill.
Key pressed, stopping explore.
You climb downwards.
The bunyip completely misses you. You block the bunyip's attack.
The bunyip claws you but does no damage.
You block the will-o-the-wisp's attack.
There is a stone staircase leading up here.
You regained 103 hp, and now have 132/139 hp.
The will-o-the-wisp gestures.
The will-o-the-wisp conjures some foxfire!
You climb upwards.
There is a stone staircase leading down, spattered with blood here.
You hit the bunyip. You freeze the bunyip.
The bunyip is lightly wounded.
The will-o-the-wisp gestures.
The will-o-the-wisp conjures some foxfire!
You block the bunyip's attack. x3 2 foxfires come into view.
You bludgeon the bunyip!! You freeze the bunyip.
Your tail-slap misses the bunyip.
The bunyip is heavily wounded.
The foxfire hits you!
The foxfire hits you but does no damage.
The will-o-the-wisp gestures.
The will-o-the-wisp conjures some foxfire! 2 foxfires come into view.
You take 17 damage, and have 116/139 hp.
You bludgeon the bunyip!! You freeze the bunyip! You tail-slap the bunyip.
The bunyip is almost dead.
The foxfire hits you!! The foxfire hits you!
You block the will-o-the-wisp's attack.
You take 41 damage, and have 75/139 hp.
MASSIVE DAMAGE!!
You sock the bunyip! You freeze the bunyip.
You kill the bunyip!
Okawaru accepts your kill.
You thump the will-o-the-wisp! You freeze the will-o-the-wisp.
The will-o-the-wisp is heavily damaged.
The will-o-the-wisp blinks!
The will-o-the-wisp gestures.
The will-o-the-wisp conjures some foxfire! 2 foxfires come into view.
Things that are here:
a +0 robe; a +0 quarterstaff; a spriggan skeleton The foxfire hits you!
The will-o-the-wisp gestures.
The will-o-the-wisp conjures some foxfire!
The foxfire moves out of view.
A foxfire comes into view.
You take 16 damage, and have 60/139 hp.
You are too injured to fight recklessly!
You are too injured to fight recklessly!
You are too injured to fight recklessly!
You are too injured to fight recklessly!
You are too injured to fight recklessly!
The foxfire hits you!
A foxfire comes into view.
The will-o-the-wisp gestures.
The will-o-the-wisp conjures some foxfire!
The foxfire hits you!!
* * * LOW HITPOINT WARNING * * *
A foxfire comes into view.
You take 26 damage, and have 34/139 hp.
A foxfire comes into view.
The foxfire hits you!!!
You die...

≈..≈≈..≈≈≈..≈≈≈.≈...≈♣
≈....≈.≈≈..≈§≈.≈≈..≈.♣♣♣♣
≈♣♣≈♣♣♣≈≈≈.§§≈<..≈.≈.≈.≈♣♣
♣♣≈≈≈♣♣♣≈......♣♣♣..≈....♣♣♣♣♣ ♣♣
♣≈≈≈≈♣ ♣≈.....≈♣≈♣≈..≈≈.≈.♣..♣♣♣.
≈≈≈≈≈♣♣♣≈≈......♣♣.≈≈≈≈≈......♣..
♣≈≈≈≈≈♣♣≈≈≈≈≈.≈≈♣.≈≈≈≈≈≈≈.♣..♣.♣≈
♣♣≈≈≈♣♣≈≈.≈§≈..≈....≈≈≈≈≈.....≈≈.
≈♣♣≈♣♣≈≈≈≈≈.≈.§≈@.>≈≈≈≈≈≈......†≈
≈≈♣≈≈.≈≈≈>.♣.....v.≈≈≈≈≈≈.....≈♣≈
≈♣♣♣≈♣≈[♣♣♣♣.≈≈.§.§≈≈≈≈≈≈...≈...≈
♣♣ ♣♣♣♣♣♣♣....≈≈≈§≈≈≈≈≈≈≈....≈.♣≈
♣.♣≈..♣≈.≈≈≈≈≈≈.........
♣♣♣≈♣♣vv..≈≈≈.....≈..§..
♣♣♣§§......≈....≈≈.≈..
♣♣v♣♣........♣.≈..♣.
♣♣♣≈.≈≈≈[.≈.≈≈≈.≈♣.


You could see a will-o-the-wisp.

Vanquished Creatures
  Rupert (Lair:5)
  An Executioner (Abyss:2)
  Gastronok (D:10)
  Kirke (D:14)
  A fenstrider witch (Swamp:2)
  Louise (D:14)
  7 bunyips
  Snorg (Orc:2)
  6 eleionomae
  Josephine (D:15)
  A fire dragon (D:15)
  Erolcha (D:13)
  3 centaur warriors
  An ogre mage (D:14)
  12 hydras
  4 boulder beetles
  A catoblepas (Lair:5)
  4 two-headed ogres
  2 tengu warriors (D:9)
  6 alligators
  8 thrashing horrors
  A hell knight (D:15)
  A wretched star (Abyss:2)
  2 deep trolls (D:15)
  4 skeletal warriors (D:15)
  5 goliath frogs
  4 spriggan druids
  4 swamp dragons
  2 bog bodies
  An orange crystal statue (D:13)
  4 orc knights
  3 wizards
  A necromancer (Abyss:3)
  6 ugly things
  4 will-o-the-wisps
  An orc sorcerer (D:10)
  4 deep elf pyromancers
  6 cyclopes
  2 manticores
  3 elephants (Lair:6)
  Joseph (D:7)
  A guardian serpent (Abyss:2)
  4 gargoyles
  A water nymph (shapeshifter) (D:15)
  2 black mambas
  A guardian serpent (shapeshifter) (D:9)
  5 smoke demons (Lair:6)
  11 cane toads
  Maggie (D:7)
  3 kobold demonologists
  Psyche (D:9)
  2 efreet
  A rime drake (Lair:3)
  7 komodo dragons
  2 unseen horrors
  2 ancient zymes
  A freezing wraith (D:14)
  A meliai (shapeshifter) (D:14)
  A polar bear (Lair:3)
  8 hornets
  6 tyrant leeches
  A large abomination (Lair:6)
  6 dream sheep
  A blink frog (shapeshifter) (D:15)
  16 blink frogs
  A centaur simulacrum (D:14)
  Sigmund (D:5)
  6 wraiths
  50 yaks
  A shadow (D:11)
  9 spriggans
  3 wyverns
  9 basilisks
  3 chaos spawn (Lair:6)
  Grum (D:8)
  11 vampire mosquitoes
  Menkaure (D:7)
  5 wargs
  2 acid dragons
  11 swamp worms
  Duvessa (D:5)
  12 small abominations
  10 water moccasins
  3 black bears
  4 ice beasts
  4 sky beasts
  5 swamp drakes
  40 orc warriors
  9 wolves
  4 necrophages
  5 ogres
  23 centaurs
  6 kobold brigands
  12 bullfrogs
  3 scorpions (Lair:3)
  A wyvern zombie (D:8)
  Dowan (D:5)
  2 water moccasin zombies
  2 water moccasin skeletons
  A wyvern skeleton (D:7)
  9 wights
  3 electric eels (Lair:2)
  3 centaur zombies
  A crimson imp (D:13)
  A lava snake (Lair:3)
  A bullfrog skeleton (D:5)
  5 hounds
  2 jellies
  11 orc priests
  A centaur skeleton (D:4)
  Crazy Yiuf (D:5)
  2 gnoll shamans
  3 iguanas
  17 orc wizards
  Ijyb (D:3)
  2 killer bee zombies
  A hound skeleton (D:4)
  2 howler monkey zombies
  9 gnolls
  15 adders
  A gnoll zombie (D:7)
  A shadow imp (Abyss:2)
  4 ufetubi
  2 worms
  6 dart slugs
  88 orcs
  5 bats
  4 endoplasms
  5 giant cockroaches
  7 goblins
  6 hobgoblins
  20 jackals
  13 kobolds
  4 quokkas
  3 training dummies (Orc:1)
  15 ball pythons
  2 frilled lizards (D:1)
  4 rats
750 creatures vanquished.

Vanquished Creatures (others)
  An alligator (Swamp:2)
  A wizard (D:15)
  6 bloated husks
  3 humans (D:14)
  An orc (D:14)
  23 foxfires
  10 fungi
  13 plants
  2 starspawn tentacles (Abyss:3)
60 creatures vanquished.

Grand Total: 810 creatures vanquished

Notes
Turn   | Place    | Note
-------+----------+-------------------------------------------
     0 | D:1      | SkeletonJelly the Draconian Fighter began the quest for the
                  | Orb.
     0 | D:1      | Reached XP level 1. HP: 19/19 MP: 1/1
    17 | D:1      | Reached XP level 2. HP: 23/26 MP: 2/2
   572 | D:1      | Found a faded altar of an unknown god.
  1280 | D:2      | Reached XP level 3. HP: 23/33 MP: 3/3
  2088 | D:2      | You fall into a shaft and drop 2 floors!
  2106 | D:4      | Reached XP level 4. HP: 31/40 MP: 4/4
  2243 | D:4      | Found a shimmering blue altar of Sif Muna.
  2302 | D:4      | Found a burning altar of Makhleb.
  2312 | D:4      | Found a stormy altar of Qazlal.
  2336 | D:4      | Found a glowing silver altar of Zin.
  2387 | D:4      | Found a staircase to the Ecumenical Temple.
  2484 | D:3      | Reached XP level 5. HP: 42/47 MP: 5/5
  2901 | D:2      | Found Sikk's Weapon Shop.
  3461 | D:3      | Found a shimmering altar of Xom.
  3667 | D:3      | Reached skill level 5 in Axes
  3946 | D:3      | Noticed Ijyb
  3950 | D:3      | Paralysed by Ijyb for 5 turns
  3958 | D:3      | Killed Ijyb
  4381 | D:4      | Reached skill level 5 in Fighting
  4381 | D:4      | Reached XP level 6. HP: 55/56 MP: 6/6
  4899 | D:4      | Your scales start taking on a lurid green colour.
  4899 | D:4      | Reached XP level 7. HP: 62/62 MP: 7/7
  4899 | D:4      | Gained mutation: Your system is resistant to poisons.
                  | (rPois) [Green Draconian growth]
  5078 | Temple   | Entered the Ecumenical Temple
  5172 | Temple   | Became a worshipper of Warmaster Okawaru
  5226 | D:5      | Entered Level 5 of the Dungeon
  5235 | D:5      | Identified the +12 mace of the Blind Eye {freeze, rC+}
  5272 | D:5      | Noticed Sigmund
  5279 | D:5      | Reached skill level 1 in Maces & Flails
  5736 | D:5      | Noticed Duvessa
  5737 | D:5      | Noticed Dowan
  5745 | D:5      | Killed Duvessa
  5745 | D:5      | Reached * piety under Okawaru
  5746 | D:5      | Reached XP level 8. HP: 58/70 MP: 8/8
  5751 | D:5      | Killed Dowan
  5752 | D:5      | Reached skill level 5 in Maces & Flails
  6060 | D:5      | Found a radiant altar of Vehumet.
  6208 | D:5      | Killed Sigmund
  6471 | D:5      | Reached ** piety under Okawaru
  6961 | D:5      | Found a runed translucent door.
  6962 | D:5      | Noticed Crazy Yiuf
  7046 | D:5      | Killed Crazy Yiuf
  7047 | D:5      | Reached skill level 1 in Invocations
  7317 | D:6      | Noticed a cyclops
  7331 | D:6      | Killed a cyclops
  7332 | D:6      | Reached XP level 9. HP: 57/78 MP: 10/10
  7335 | D:6      | Identified the +7 trident "Fyavuy" {flame, rC+ Will- Int+4}
  7800 | D:6      | Noticed a cyclops
  7841 | D:6      | Killed a cyclops
  8239 | D:6      | Reached *** piety under Okawaru
  8573 | D:7      | Noticed Joseph
  8592 | D:7      | Killed Joseph
  8593 | D:7      | Reached skill level 10 in Maces & Flails
  8736 | D:7      | Reached skill level 5 in Invocations
  8813 | D:7      | Noticed Menkaure
  8818 | D:7      | Killed Menkaure
  8819 | D:7      | Reached XP level 10. HP: 88/88 MP: 13/13
  8856 | D:7      | Found a transporter.
  9104 | D:7      | Found a runed translucent door.
  9104 | D:7      | Noticed Sobieck's ghost (novice OpCj)
  9116 | D:7      | You fall into a shaft and drop 2 floors!
  9154 | D:8      | Noticed Grum
  9174 | D:8      | Reached **** piety under Okawaru
  9176 | D:8      | Killed Grum
  9177 | D:8      | Reached skill level 4 in Shields
  9464 | D:7      | Found a transporter.
  9534 | D:7      | Noticed Maggie
  9547 | D:7      | Killed Maggie
  9798 | D:7      | Reached skill level 5 in Shields
 10315 | D:8      | Reached skill level 6 in Shields
 10593 | D:9      | Noticed a manticore
 10834 | D:9      | Killed a manticore
 11061 | D:9      | Reached ***** piety under Okawaru
 11155 | D:9      | Reached XP level 11. HP: 97/97 MP: 15/15
 11408 | D:9      | Noticed a deep elf pyromancer
 11411 | D:9      | Noticed a boulder beetle
 11419 | D:9      | Noticed a centaur warrior
 11428 | D:9      | Killed a centaur warrior
 11429 | D:9      | Reached skill level 7 in Shields
 11437 | D:9      | Killed a boulder beetle
 11437 | D:9      | Received a gift from Okawaru
 11439 | D:9      | HP: 1/97 [guardian serpent (shapeshifter) (10)]
 11449 | D:9      | HP: 4/97 [cyclops (23)]
 11877 | D:9      | Noticed a tengu warrior
 11878 | D:9      | Noticed a tengu warrior
 11883 | D:9      | Killed a tengu warrior
 11884 | D:9      | Reached skill level 8 in Shields
 11890 | D:9      | Killed a tengu warrior
 12048 | D:9      | Noticed Psyche
 12052 | D:9      | Killed Psyche
 12140 | D:10     | Entered Level 10 of the Dungeon
 12230 | D:10     | Noticed a two-headed ogre
 12235 | D:10     | Killed a two-headed ogre
 12236 | D:10     | Reached skill level 10 in Fighting
 12264 | D:10     | Reached skill level 9 in Shields
 12287 | D:10     | Found a staircase to the Lair.
 12341 | D:10     | Noticed a two-headed ogre
 12347 | D:10     | Killed a two-headed ogre
 12414 | D:10     | Noticed Gastronok
 12428 | D:10     | Killed Gastronok
 12428 | D:10     | Received a gift from Okawaru
 12428 | D:10     | Reached ****** piety under Okawaru
 12506 | D:10     | Found a staircase to the Orcish Mines.
 12562 | D:10     | Reached XP level 12. HP: 107/107 MP: 16/16
 12747 | D:10     | Reached skill level 10 in Shields
 12906 | D:10     | Identified the +2 broad axe of Megalomania {drain, Int-5
                  | Dex+3 SInv Stlth+}
 12934 | Lair:1   | Entered Level 1 of the Lair of Beasts
 13664 | Lair:1   | Reached skill level 11 in Shields
 13913 | Lair:2   | Noticed a five-headed hydra
 13920 | Lair:2   | Killed a five-headed hydra
 14109 | Lair:2   | Found a staircase to the Swamp.
 14245 | Lair:2   | Noticed a six-headed hydra
 14252 | Lair:2   | Killed a six-headed hydra
 14736 | Lair:3   | Received a gift from Okawaru
 14820 | Lair:3   | Identified the ring "Foefuh" {rElec rCorr Int-2 Dex+2 SInv}
 14842 | Lair:3   | Noticed a seven-headed hydra
 14852 | Lair:3   | Killed a seven-headed hydra
 14853 | Lair:3   | Reached skill level 12 in Shields
 15133 | Lair:3   | Found a hole to the Spider Nest.
 15680 | Lair:4   | Noticed a six-headed hydra
 15692 | Lair:4   | Killed a six-headed hydra
 15793 | Lair:4   | Noticed a five-headed hydra
 15802 | Lair:4   | Killed a five-headed hydra
 16095 | Lair:4   | Found a transporter.
 16117 | Lair:4   | Reached XP level 13. HP: 110/118 MP: 19/19
 16123 | Lair:4   | Received a gift from Okawaru
 16128 | Lair:4   | Reached skill level 13 in Shields
 16223 | Lair:4   | Found a transporter.
 16223 | Lair:4   | Noticed RBrandon's ghost (journeyman DgFi)
 16881 | Lair:5   | Noticed Rupert
 16896 | Lair:5   | Killed Rupert
 16897 | Lair:5   | Reached skill level 5 in Dodging
 17544 | Lair:6   | Entered Level 6 of the Lair of Beasts
 18426 | Lair:6   | Received a gift from Okawaru
 18774 | Lair:6   | Identified the amulet "Hec Mag" {Faith Int+2}
 19011 | Lair:6   | Reached skill level 10 in Invocations
 19102 | Lair:6   | Received a gift from Okawaru
 19187 | Lair:6   | Got the Papyrus of Earth and Conjuration
 19605 | Lair:6   | Found a viscous altar of Jiyva.
 19606 | Lair:6   | Found a staircase to the Slime Pits.
 19653 | Lair:6   | Gained mutation: Your tail ends in a poisonous barb. [Green
                  | Draconian growth]
 19653 | Lair:6   | Reached XP level 14. HP: 99/126 MP: 21/21
 19904 | Lair:6   | Reached skill level 14 in Shields
 20218 | Lair:6   | Found a corrupted altar of Lugonu.
 20218 | Lair:6   | Found a one-way gate to the infinite horrors of the Abyss.
 20570 | Orc:1    | Entered Level 1 of the Orcish Mines
 20849 | Orc:2    | Entered Level 2 of the Orcish Mines
 20886 | Orc:2    | Found a staircase to the Elven Halls.
 21581 | Orc:2    | Noticed Snorg
 21608 | Orc:2    | Killed Snorg
 21961 | Orc:2    | Found Nagygrap's Antique Armour Shop.
 21961 | Orc:2    | Found Noafew's Antique Weapon Shoppe.
 21963 | Orc:2    | Found Rotu Bool's Armour Emporium.
 21965 | Orc:2    | Found Otter's Antique Weapon Boutique.
 22012 | Orc:1    | Found a transporter.
 22014 | Orc:1    | Found a transporter.
 22067 | Orc:1    | Noticed Domutzyo's ghost (journeyman MiFi)
 22068 | Orc:1    | Found a bloodstained altar of Trog.
 22200 | Orc:1    | Found Ugreg's Firing Range.
 22392 | D:11     | Reached skill level 15 in Shields
 22466 | D:11     | Found a hide-covered altar of Uskayaw.
 22478 | D:11     | Found Vaqasatz's Weapon Boutique.
 22632 | D:11     | Found a transporter.
 22632 | D:11     | Noticed zazu2006's ghost (journeyman NaWz)
 22673 | D:11     | Found a transporter.
 23039 | D:12     | Identified the +0 cloak "Enic" {Int+2} (Okawaru gifted it
                  | to you on level 12 of the Dungeon)
 23039 | D:12     | Received a gift from Okawaru
 23598 | D:13     | Found a portal to a secret trove of treasure.
 23674 | D:13     | Reached skill level 16 in Shields
 24214 | D:13     | Noticed Erolcha
 24221 | D:13     | Killed Erolcha
 24717 | D:14     | Noticed Louise
 24769 | D:14     | Cast into level 3 of the Abyss (Louise)
 24826 | Abyss:3  | Found a corrupted altar of Lugonu.
 24867 | Abyss:3  | Found a corrupted altar of Lugonu.
 24970 | Abyss:3  | Noticed a tentacled starspawn
 24984 | Abyss:3  | Noticed an Executioner
 24995 | Abyss:3  | HP: 6/126 [Executioner (19)]
 25020 | Abyss:3  | Noticed a bone dragon
 25080 | Abyss:3  | Found a corrupted altar of Lugonu.
 25129 | Abyss:3  | Noticed a starcursed mass
 25132 | Abyss:3  | Noticed a tentacled starspawn
 25143 | D:14     | Escaped the Abyss
 25153 | D:14     | Killed Louise
 25154 | D:14     | Reached XP level 15. HP: 33/133 MP: 14/22
 25158 | D:14     | Noticed Kirke
 25175 | D:14     | Killed Kirke
 25176 | D:14     | Reached skill level 17 in Shields
 25578 | D:14     | Found a gate to the Vaults.
 25616 | D:14     | Found a broken altar of Ashenzari.
 25674 | D:14     | Received a gift from Okawaru
 25903 | D:15     | Entered Level 15 of the Dungeon
 26187 | D:15     | Found a staircase to the Depths.
 26195 | D:15     | Cast into level 2 of the Abyss (a wizard)
 26262 | Abyss:2  | Identified the +5 plate armour of the Salmon {+Inv Str+3}
 26328 | Abyss:2  | Noticed an Executioner
 26351 | Abyss:2  | Killed an Executioner
 26450 | D:15     | Escaped the Abyss
 26463 | D:15     | Reached skill level 18 in Shields
 26853 | D:15     | Noticed Josephine
 26863 | D:15     | Killed Josephine
 26863 | D:15     | Received a gift from Okawaru
 27528 | D:15     | Upgraded the game from 0.27-a0-1595-g0b823d0a13 to
                  | 0.27-a0-1612-gde56a17b89
 27664 | Swamp:1  | Entered Level 1 of the Swamp
 28612 | Swamp:1  | Reached skill level 19 in Shields
 28792 | Swamp:1  | Received a gift from Okawaru
 29948 | Swamp:1  | Reached XP level 16. HP: 116/139 MP: 23/23
 30427 | Swamp:2  | HP: 2/139 [will-o-the-wisp/foxfire (21)]
 31140 | Swamp:2  | Received a gift from Okawaru
 31384 | Swamp:2  | Got the Guide on Stolen Souls
 31758 | Swamp:2  | Reached skill level 10 in Dodging
 33074 | Swamp:4  | Entered Level 4 of the Swamp
 33649 | Swamp:3  | Killed from afar by a will-o-the-wisp

Illustrated notes

Levels and vault maps discovered:
D:1:      saegor_arrival_simple_a, layout_basic,
          hellmonk_ecumenical_altar_crossroads
D:2:      layout_basic, serial_shops, shop, grunt_ministairs_9
D:3:      minmay_wonky_spiral, layout_loops_corners,
          lemuel_coloured_pillars_altar, dk_noncrumbling_3,
          chequers_decorated_corner, st_stairs_4, grunt_ministairs_13,
          serial_bayou_pond_e, uniq_ijyb
D:4:      minmay_polygon_palace, layout_basic,
          nicolae_overflow_quartered_altars, minmay_temple_entry_offerings,
          minmay_cut_off
D:5:      layout_layer_cave, nicolae_vehumet_altar_sigil, eino_tiny_chamber,
          uniq_duvessa, uniq_sigmund, uniq_crazy_yiuf_cottage
D:6:      minmay_recursive_quarters, layout_rooms
D:7:      gammafunk_cloud_chamber, layout_rooms, gammafunk_ghost_grave,
          kennysheep_generic_room_2, uniq_maggie, uniq_joseph, uniq_menkaure
D:8:      layout_basic, special_room [special_room_kobold], uniq_grum
D:9:      layout_rooms, special_room [special_room_orc], grunt_tough_drop,
          uniq_psyche
D:10:     layout_loops_ring, lair_entry_dummy, minmay_orc_entry_temple_small,
          uniq_gastronok
D:11:     layout_long_grid, gammafunk_ghost_berserking_beasts, serial_shops,
          nicolae_shop_statue_plus, nicolae_uskayaw_murder_on_the_dancefloor
D:12:     layout_rooms
D:13:     layout_rooms, nicolae_trove_entry_free_sample, grunt_ministairs_14,
          grunt_decor_fettered, minivault_16, lightli_wizard_tower, uniq_erolcha
D:14:     layout_roguey, david_vaults_2, ashenzari_altar_1, uniq_kirke,
          uniq_louise
D:15:     hangedman_depths_entry_civil_slaughter, layout_basic, uniq_josephine
Temple:   lightli_temple_of_artemis
Lair:1:   layout_chaotic_city
Lair:2:   layout_hall_layers, minmay_swamp_entry_eels
Lair:3:   layout_gridlike, nicolae_spider_entry_non_spiders, beast_lair_carwin_3
Lair:4:   layout_gridlike, gammafunk_ghost_arena
Lair:5:   layout_roguey, uniq_rupert
Lair:6:   hellmonk_lair_end_abyssal_woods, layout_regular_city, slime_altar_1,
          minmay_lair_oklob_chamber, serial_bayou_shore_b, serial_bayou_shore_a
Swamp:1:  layout_basic_swamp, evilmike_swamp_ruin_rubble_2,
          infiniplex_staircase_pool_2
Swamp:2:  layout_basic_swamp, evilmike_swamp_ruin_house_5, swamp_pool1,
          roderic_carrion_pond
Swamp:3:  layout_basic_swamp, infiniplex_staircase_pool, swamp_pool4
Swamp:4:  nzn_swamp_witches_coven, layout_basic_swamp
Orc:1:    layout_caves, gammafunk_ghost_wrathful_warriors,
          nicolae_shop_firing_range
Orc:2:    st_orc_rangers, layout_caves, uniq_snorg

Skill      XL: |  1  2  3  4  5  6  7  8  9 10 11 12 13 14 15 16 |
---------------+-------------------------------------------------+-----
Axes           | 3 4 5 6 |  6.5
Fighting       | 4 5 6 7 9 10 12 | 12.3
Maces & Flails | 4 8 10 11 13 | 13.4
Invocations    | 2 5 6 8 10 | 10.0
Shields        | 6 9 12 13 16 19 | 19.5
Dodging        | 8 9 11 | 11.3

Action                   |  1- 3 |  4- 6 |  7- 9 | 10-12 | 13-15 | 16-18 || total
-------------------------+-------+-------+-------+-------+-------+-------++-------
Melee: War axe           |   113 |   181 |     8 |       |       |       ||   302
       Tailslap          |    10 |    27 |    29 |    95 |   264 |    46 ||   471
       Mace              |       |       |   158 |   543 |  1354 |   221 ||  2276
Throw: Dart              |       |     5 |       |       |     1 |       ||     6
Invok: Heroism           |       |       |     1 |     1 |     5 |     1 ||     8
       Finesse           |       |       |       |     1 |     3 |       ||     4
 Abil: Breathe Noxious F |       |       |     7 |    18 |    19 |     1 ||    45
Evoke: Wand              |       |       |       |     2 |     1 |       ||     3
  Use: Potion            |       |       |       |     3 |     6 |       ||     9
       Scroll            |       |       |       |       |    23 |     7 ||    30
 Stab: Sleeping          |     3 |       |       |       |       |       ||     3
       Confused          |       |       |     3 |    11 |    12 |     1 ||    27
       Paralysed         |       |       |       |     2 |       |       ||     2
       Invisible         |       |       |       |       |     3 |       ||     3
       Distracted        |       |       |       |       |     2 |       ||     2
Armor: Skin              |    33 |    97 |    58 |    97 |   208 |    23 ||   516
Dodge: Dodged            |    64 |   106 |    66 |   234 |   526 |    46 ||  1042
Block: Kite shield       |    53 |   113 |    79 |   475 |   338 |       ||  1058
       Reflection        |       |       |       |     9 |    93 |    10 ||   112
       Tower shield      |       |       |       |       |  1174 |   176 ||  1350

Table legend: (Time is in decaauts)
 A = Elapsed time spent in this place.
 B = Non-inter-level travel time spent in this place.
 C = Inter-level travel time spent in this place.
 D = Time resting spent in this place.
 E = Time spent auto-exploring this place.
 F = Levels seen in this place.
 G = Mean time per level.
                   A        B        C        D        E       F      G
               +--------+--------+--------+--------+--------+-----+--------+
         Total |  33685 |  32109 |   1576 |     37 |  26867 |  30 | 1122.8 |
       Dungeon |  18074 |  16998 |   1076 |     32 |  14260 |  15 | 1204.9 |
        Temple |    114 |     95 |     19 |      0 |     90 |   1 |  114.0 |
          Lair |   7981 |   7701 |    280 |      5 |   6766 |   6 | 1330.2 |
         Swamp |   5244 |   5094 |    150 |      0 |   4406 |   4 | 1311.0 |
  Orcish Mines |   1659 |   1608 |     51 |      0 |   1190 |   2 |  829.5 |
         Abyss |    612 |    612 |      0 |      0 |    153 |   2 |  306.0 |
               +--------+--------+--------+--------+--------+-----+--------+

Top non-repeatable levels by time:
  Lair:6: 2585 daAuts
 Swamp:1: 2312 daAuts
     D:5: 1793 daAuts
  Lair:2: 1644 daAuts
     D:8: 1559 daAuts
 Swamp:3: 1499 daAuts
     D:4: 1443 daAuts
     D:2: 1435 daAuts
     D:6: 1419 daAuts
 Swamp:2: 1384 daAuts
    D:15: 1369 daAuts
    D:10: 1309 daAuts
     D:3: 1301 daAuts
     D:1: 1251 daAuts
  Lair:5: 1094 daAuts
